 Dungeon Crawl Stone Soup version 0.28-a0-850-g09de17f5b5 (webtiles) character file.

Game seed: 6493792956553339408

420 mcbry74 the Cleaver (level 6, 0/51 HPs)
             Began as a Hill Orc Fighter on Nov 13, 2021.
             Was a Believer of Okawaru.
             Succumbed to an adder's poison
             ... on level 4 of the Dungeon.
             The game lasted 00:07:54 (3799 turns).

mcbry74 the Cleaver (Hill Orc Fighter)              Turns: 3799, Time: 00:07:55

Health: 0/51       AC:  8    Str: 27    XL:     6   Next: 94%
Magic:  4/6        EV: 11    Int:  8    God:    Okawaru [**....]
Gold:   166        SH:  5    Dex: 10    Spells: 5/5 levels left

rFire   . . .      SeeInvis .   a - +0 war axe
rCold   . . .      Faith    .   c - +0 buckler
rNeg    . . .      Spirit   .   b - +0 scale mail
rPois   .          Reflect  .   (no helmet)
rElec   .          Harm     .   (no cloak)
rCorr   .          Rampage  .   (no gloves)
Will    .....                   (no boots)
Stlth   +.........              (no amulet)
HPRegen 0.17/turn               n - +6 ring of strength
MPRegen 0.10/turn               (no ring)

@: lethally poisoned (0 -> -4), heroic
A: no striking features
a: Renounce Religion, Heroism


You were on level 4 of the Dungeon.
You worshipped Okawaru.
Okawaru was pleased with you.
You visited 1 branch of the dungeon, and saw 4 of its levels.

You collected 166 gold pieces.

Inventory:

Hand Weapons
 a - a +0 war axe (weapon)
Missiles
 i - 10 poisoned darts (quivered)
 l - 4 boomerangs
Armour
 b - a +0 scale mail (worn)
 c - a +0 buckler (worn)
Jewellery
 n - a +6 ring of strength (left hand)
Scrolls
 e - 3 scrolls of fog {unknown}
 f - a scroll of magic mapping {unknown}
 g - a scroll of brand weapon {unknown}
 h - a scroll of teleportation {unknown}
 j - 7 scrolls of identify {unknown}
 k - a scroll of vulnerability {unknown}
 m - a scroll of noise {unknown}
 o - a scroll of torment {unknown}
 q - a scroll of silence {unknown}
 r - a scroll of immolation {unknown}
Potions
 d - 2 potions of might
 p - a potion of heal wounds {unknown}


   Skills:
 - Level 3.6(8.6) Fighting
 + Level 9.5(14.5) Axes
 - Level 3.2(8.2) Armour
 - Level 3.2(8.2) Shields


You had 5 spell levels left.
You didn't know any spells.
Your spell library was empty.

Dungeon Overview and Level Annotations

Branches:
Dungeon (4/15)
 Temple: D:4-7

Altars:
Fedhas
Okawaru
Wu Jian
The Shining One


Message History

You miss the adder.
The gnoll hits you from afar with a +0 spear.
The adder bites you but does no damage.
You barely miss the adder. You slash the giant cockroach!
You kill the giant cockroach!
Okawaru accepts your kill.
The gnoll hits you from afar with a +0 spear. x2
The gnoll hits you from afar with a +0 halberd.
You block the adder's attack. The gnoll closely misses you.
The gnoll hits you from afar with a +0 spear.
The adder closely misses you.
The gnoll hits you from afar with a +0 halberd.
The adder bites you. The adder bites you.
* * * LOW HITPOINT WARNING * * *
You miss the adder. The adder misses you.
The adder bites you but does no damage.
You barely miss the adder. The adder bites you.
* * * LOW HITPOINT WARNING * * *
The adder bites you.
* * * LOW HITPOINT WARNING * * *
Saving game... please wait.
Welcome back, mcbry74 the Hill Orc Fighter.
Okawaru says: Bring me glory in combat!
Press ? for a list of commands and other information.
Okay, then.
You gain the combat prowess of a mighty hero.
You block the gnoll's attack. The adder bites you.
* * * LOW HITPOINT WARNING * * *
You are poisoned.
The adder poisons you!
You slash the adder!
You kill the adder!
Okawaru accepts your kill.
You feel sick.
The gnoll hits you from afar with a +0 halberd.
* * * LOW HITPOINT WARNING * * *
* * * LOW HITPOINT WARNING * * *
You feel sick.
You die...

##....#.##.....####..#)....##..
#...######.....#....#.#....#..
##..###.#............##.......
##......##..#....##..##.......
#....#..#........##..#...#....
#....##.........†..[...####...
###......#.............###....
#.##...##....................
#..#...##g..@................
#.....g.g.#.......#........##
##......####.....###........#
#.......#.###...## #......#.#
##.....g...# ....# #.....###...
#......).#..#............. ....
##.....###.....##....#.... ....
#.†....## ....# #.. ..
##.......# ...


You could see 3 gnolls.

Vanquished Creatures
  A black bear (D:4)
  A phantom (D:4)
  2 scorpions (D:4)
  A gnoll (D:4)
  7 adders
  An ufetubus (D:4)
  A worm (D:2)
  2 dart slugs
  3 orcs (D:4)
  5 endoplasms
  4 giant cockroaches
  5 goblins
  9 hobgoblins
  2 jackals (D:2)
  A quokka (D:2)
  2 ball pythons
  3 bats
  2 kobolds
  8 rats
60 creatures vanquished.

Notes
Turn   | Place    | Note
-------+----------+-------------------------------------------
     0 | D:1      | mcbry74 the Hill Orc Fighter began the quest for the Orb.
     0 | D:1      | Reached XP level 1. HP: 19/19 MP: 1/1
   191 | D:1      | Reached skill level 3 in Axes
   404 | D:1      | Reached XP level 2. HP: 26/26 MP: 2/2
   619 | D:2      | Reached skill level 4 in Axes
   705 | D:2      | Reached XP level 3. HP: 31/31 MP: 3/3
   895 | D:2      | Reached skill level 5 in Axes
   970 | D:2      | Found a faded altar of an unknown god.
   978 | D:2      | Prayed at the altar of an unknown god.
   978 | D:2      | Became a worshipper of Warmaster Okawaru
   978 | D:2      | Reached * piety under Okawaru
  2164 | D:3      | Reached XP level 4. HP: 38/39 MP: 4/4
  2530 | D:3      | Found an iron altar of Okawaru.
  2688 | D:3      | Found a glowing golden altar of the Shining One.
  2786 | D:3      | Found an ornate altar of the Wu Jian Council.
  2864 | D:3      | Found a blossoming altar of Fedhas.
  2997 | D:4      | Noticed a scorpion
  3002 | D:4      | Reached skill level 6 in Axes
  3002 | D:4      | Killed a scorpion
  3003 | D:4      | Reached skill level 7 in Axes
  3003 | D:4      | Reached XP level 5. HP: 32/45 MP: 5/5
  3237 | D:4      | Reached skill level 8 in Axes
  3241 | D:4      | Noticed a phantom
  3459 | D:4      | Killed a phantom
  3460 | D:4      | Reached XP level 6. HP: 37/51 MP: 6/6
  3652 | D:4      | Noticed a black bear
  3677 | D:4      | Killed a black bear
  3677 | D:4      | Reached ** piety under Okawaru
  3678 | D:4      | Reached skill level 9 in Axes
  3797 | D:4      | HP: 1/51 [gnoll (6)]
  3799 | D:4      | Succumbed to an adder's poison

Illustrated notes

Levels and vault maps discovered:
D:1:      lightli_arrival_boilingwater, layout_basic
D:2:      layout_basic, basic_ecumenical_altar, chequers_serial_rivers_large_a,
          nicolae_underground_beach
D:3:      minmay_general_purpose_star, layout_basic, lemuel_round_altar,
          nzn_wu_jian_council_hall, fedhas_altar_4,
          nicolae_tso_swordbearing_angel, nrook_mini_backslash
D:4:      layout_cave_pools, chequers_temple_overflow_statue_of_worship

Skill      XL: |  1  2  3  4  5  6 |
---------------+-------------------+-----
Axes           | 3 4 5 7 8 9 |  9.5
Fighting       | |  3.6
Armour         | |  3.2
Shields        | |  3.2

Action                   |  1- 3 |  4- 6 || total
-------------------------+-------+-------++-------
Melee: War axe           |    73 |    85 ||   158
Invok: Heroism           |       |     1 ||     1
Armor: Scale mail        |    28 |    27 ||    55
Dodge: Dodged            |    27 |    41 ||    68
Block: Buckler           |    16 |    23 ||    39

Table legend: (Time is in decaauts)
 A = Elapsed time spent in this place.
 B = Non-inter-level travel time spent in this place.
 C = Inter-level travel time spent in this place.
 D = Time resting spent in this place.
 E = Time spent auto-exploring this place.
 F = Levels seen in this place.
 G = Mean time per level.
                   A        B        C        D        E       F      G
               +--------+--------+--------+--------+--------+-----+--------+
         Total |   3844 |   3727 |    117 |    500 |   2743 |   4 |  961.0 |
       Dungeon |   3844 |   3727 |    117 |    500 |   2743 |   4 |  961.0 |
               +--------+--------+--------+--------+--------+-----+--------+

Top non-repeatable levels by time:
     D:2: 1124 daAuts
     D:3: 1067 daAuts
     D:1: 1043 daAuts
     D:4: 609 daAuts
